 Dungeon Crawl Stone Soup version 0.28-a0-793-g31680bbd8b (webtiles) character file.

Game seed: 13762439229723616869

70 gimp the Chopper (level 4, 0/35 HPs)
             Began as a Demonspawn Cinder Acolyte on Nov 3, 2021.
             Was a High Priest of Ignis.
             Succumbed to an adder's poison
             ... on level 2 of the Dungeon.
             The game lasted 00:02:23 (1942 turns).

gimp the Chopper (Demonspawn Cinder Acolyte)        Turns: 1942, Time: 00:02:23

Health: 0/35       AC:  8    Str: 15    XL:     4   Next: 4%
Magic:  5/5        EV:  6    Int: 15    God:    Ignis [*****.]
Gold:   63         SH:  0    Dex:  9    Spells: 2/5 levels left

rFire   + . .      SeeInvis .   a - +0 hand axe
rCold   . . .      Faith    .   (no shield)
rNeg    . . .      Spirit   .   c - +0 chain mail
rPois   .          Reflect  .   (no helmet)
rElec   .          Harm     .   (no cloak)
rCorr   .          Rampage  .   (no gloves)
Will    .....                   (no boots)
Stlth   ..........              (no amulet)
HPRegen 0.11/turn               (no ring)
MPRegen 0.09/turn               (no ring)

@: lethally poisoned (0 -> -3)
A: foul stench 1, powered by death 1
a: Renounce Religion, Sea of Fire, Foxfire Swarm, Rising Flame


You were on level 2 of the Dungeon.
You worshipped Ignis.
Ignis was extremely pleased with you.
You visited 1 branch of the dungeon, and saw 2 of its levels.

You collected 63 gold pieces.

Inventory:

Hand Weapons
 a - a +0 hand axe (weapon)
 b - a -1 hand axe of flaming
Armour
 c - a +0 chain mail (worn)
 g - a +0 robe
Jewellery
 f - a +6 ring of dexterity
Scrolls
 d - a scroll of enchant armour {unknown}
 e - a scroll of fog {unknown}


   Skills:
 - Level 3.0 Fighting
 * Level 4.5 Axes
 - Level 1.0 Spellcasting
 - Level 2.6 Fire Magic


You had 2 spell levels left.
You knew the following spells:

 Your Spells              Type           Power      Damage    Failure   Level
a - Scorch                Fire           16%        2d5       97%         2
b - Apportation           Tloc           0%         N/A       99%         1

Your spell library contained the following spells:

 Spells                   Type           Power      Damage    Failure   Level
 Foxfire                  Conj/Fire      16%        2x1d4     98%         1
 Call Canine Familiar     Summ           0%         N/A       100%        3
 Conjure Flame            Conj/Fire      4%         6-21      100%        3
 Inner Flame              Hex/Fire       4%         N/A       100%        3
 Portal Projectile        Hex/Tloc       0%         N/A       100%        3
 Flame Wave               Conj/Fire      4%         3d3       100%        4
 Leda's Liquefaction      Hex/Erth       0%         N/A       100%        4


Dungeon Overview and Level Annotations

Branches:
Dungeon (2/15)

Altars:
Okawaru


Innate Abilities, Weirdness & Mutations

You may rarely emit foul miasma when damaged in melee.
You regenerate a little health from kills.


Message History

You take 6 damage, and have 6/29 hp.
MASSIVE DAMAGE!!
You aren't carrying any potions.
Okay, then.
You aren't carrying any items that you can evoke.
Unknown command.
Flames leap up around you!
* * * LOW HITPOINT WARNING * * *
You feel sick. The bat hits you but does no damage. x2
The adder bites you but does no damage.
The foxfire hits the endoplasm.
The endoplasm is moderately wounded.
The adder bites you but does no damage.
You take 2 damage, and have 4/29 hp.
You barely miss the adder.
The adder is lightly wounded.
You hit the bat. You barely miss the endoplasm.
* * * LOW HITPOINT WARNING * * *
You feel sick.
The foxfire hits the endoplasm.
The endoplasm is almost dead.
The foxfire hits the endoplasm.
You kill the endoplasm!
The foxfire hits the bat.
You kill the bat!
The foxfire hits the adder.
The adder is moderately wounded.
The foxfire hits the adder.
The adder is almost dead.
The foxfire hits the adder.
You kill the adder!
You have reached level 4!
You feel agile.
You take 1 damage, and have 3/35 hp.
MP restored: 5
* * * LOW HITPOINT WARNING * * *
You feel sick.
You take 1 damage, and have 2/35 hp.
* * * LOW HITPOINT WARNING * * *
You feel sick.
Your foxfire dissipates!
You take 1 damage, and have 1/35 hp.
You die...

### ... #.#.....####...# ..####
###.###.#.......##.... .....###
........#............. .†.....##
............###.###### .†......##
#......†# ###.# # ##.####..#
#..)†# ##..## # #...##..## ####.#
##.### #. #....#...#
###...###.#### ## ##....#...#
##..@..#......#≈≈## #
##........###......###.#..#≈≈≈##.
#######....##.§###.# ##...#≈≈≈≈#.
.### #....#...# #.#####..#≈≈≈≈≈≈
...####....#...##..#.>....#≈≈≈≈≈≈
...................#.###.##≈≈≈≈≈≈
####################.# #.##≈.≈≈≈.
#.###### #..# #.##...... #......#
#..###.##.###.#


There were no monsters in sight!

Vanquished Creatures
  2 adders (D:2)
  A worm (D:2)
  5 ball pythons
  6 endoplasms
  3 giant cockroaches (D:2)
  A hobgoblin (D:2)
  4 jackals (D:1)
  2 kobolds
  2 quokkas
  7 bats
  2 frilled lizards (D:2)
  5 goblins
  4 rats
44 creatures vanquished.

Vanquished Creatures (others)
  8 foxfires (D:2)
8 creatures vanquished.

Grand Total: 52 creatures vanquished

Notes
Turn   | Place    | Note
-------+----------+-------------------------------------------
     0 | D:1      | gimp the Demonspawn Cinder Acolyte began the quest for the
                  | Orb.
     0 | D:1      | Reached XP level 1. HP: 18/18 MP: 2/2
   293 | D:1      | Reached skill level 3 in Axes
   307 | D:1      | Gained mutation: You regenerate a little health from kills.
                  | [demonic ancestry]
   307 | D:1      | Reached XP level 2. HP: 7/24 MP: 3/3
  1100 | D:1      | Found a faded altar of an unknown god.
  1104 | D:1      | Got Plato's Volume of Translocation
  1131 | D:2      | Found an iron altar of Okawaru.
  1191 | D:2      | Learned a level 2 spell: Scorch
  1193 | D:2      | Learned a level 1 spell: Apportation
  1559 | D:2      | Gained mutation: You may rarely emit foul miasma when
                  | damaged in melee. [demonic ancestry]
  1559 | D:2      | Reached XP level 3. HP: 28/29 MP: 4/4
  1774 | D:2      | Reached skill level 4 in Axes
  1940 | D:2      | Reached XP level 4. HP: 3/35 MP: 5/5
  1941 | D:2      | HP: 1/35 [poisoned by an adder]
  1942 | D:2      | Succumbed to an adder's poison

Illustrated notes

Levels and vault maps discovered:
D:1:      onia_arrival_handbag, layout_basic,
          shapermc_ecumenical_altar_rom_forum
D:2:      minmay_recursive_quarters, layout_loops_ring, basic_altar,
          kennysheep_small_spiral, kennysheep_another_room, corner_web_ring,
          minivault_27, minmay_misc_feat_alley, minmay_misc_feat_columns,
          chequers_serial_rivers_large_a, due_unseen_surprise

Skill      XL: |  1  2  3 |
---------------+----------+-----
Axes           | 3 4 |  4.5
Fighting       | |  3.0
Spellcasting   | |  1.0
Fire Magic     | |  2.6

Action                   |  1- 3 |  4- 6 || total
-------------------------+-------+-------++-------
Melee: Hand axe          |   128 |       ||   128
Invok: Foxfire Swarm     |     1 |       ||     1
Armor: Chain mail        |   118 |       ||   118
       Robe              |     2 |       ||     2
Dodge: Dodged            |    78 |       ||    78

Table legend: (Time is in decaauts)
 A = Elapsed time spent in this place.
 B = Non-inter-level travel time spent in this place.
 C = Inter-level travel time spent in this place.
 D = Time resting spent in this place.
 E = Time spent auto-exploring this place.
 F = Levels seen in this place.
 G = Mean time per level.
                   A        B        C        D        E       F      G
               +--------+--------+--------+--------+--------+-----+--------+
         Total |   1958 |   1942 |     16 |      0 |   1652 |   2 |  979.0 |
       Dungeon |   1958 |   1942 |     16 |      0 |   1652 |   2 |  979.0 |
               +--------+--------+--------+--------+--------+-----+--------+

Top non-repeatable levels by time:
     D:1: 1128 daAuts
     D:2: 829 daAuts
